 Dungeon Crawl Stone Soup version 0.30-a0-1066-g63dfefce0d (webtiles) character file.

Game seed: 13000227580445891586

195 Maxmaps the Covered (level 5, -1/41 HPs)
             Began as a Demonspawn Monk on Apr 13, 2023.
             Succumbed to Crazy Yiuf's poison
             ... on level 2 of the Dungeon.
             The game lasted 00:02:27 (1828 turns).

Maxmaps the Covered (Demonspawn Monk)               Turns: 1828, Time: 00:02:28

Health: -1/41      AC: 10    Str: 11    XL:     5   Next: 45%
Magic:  5/5        EV:  6    Int: 13    God:
Gold:   98         SH:  0    Dex: 16    Spells: 4/4 levels left

rFire   . . .      SeeInvis .      - Unarmed
rCold   . . .      Faith    .    c - orb {light}
rNeg    . . .      Spirit   .    h - +0 chain mail
rPois   .          Reflect  .    (no helmet)
rElec   .          Rampage  .    (no cloak)
rCorr   .                        (no gloves)
Will    .....                    f - +0 pair of boots Stlth
                                 (no amulet)
HPRegen 0.26/turn                (no ring)
MPRegen 0.09/turn                (no ring)

@: lethally poisoned (-1 -> -33), glowing, invisible (but backlit and visible)
A: weakness stinger 2
a: no special abilities


You were on level 2 of the Dungeon.
You visited 1 branch of the dungeon, and saw 2 of its levels.

You collected 152 gold pieces.
You spent 54 gold pieces at shops.

Inventory:

Armour
 c - an orb of light (worn)
 f - a +0 pair of boots (worn)
 h - a +0 chain mail (worn)
Wands
 d - a wand of polymorph (3)
Scrolls
 a - a scroll of poison {unknown}
 g - 2 scrolls of identify {unknown}
 k - a scroll of brand weapon {unknown}
 l - a scroll of vulnerability {unknown}
Potions
 b - 2 potions of ambrosia


   Skills:
 - Level 3.0 Fighting
 + Level 4.3 Armour
 - Level 2.6 Dodging
 - Level 1.7 Stealth
 - Level 3.3 Unarmed Combat


You had 4 spell levels left.
You didn't know any spells.
Your spell library contained the following spells:

 Spells                   Type           Power      Damage    Failure   Level
 Alistair's Intoxication  Tmut/Pois      0%         N/A       100%        5
 Borgnjor's Vile Clutch   Necr/Erth      0%         N/A       100%        5
 Eringya's Noxious Bog    Tmut/Pois      0%         N/A       100%        6


Dungeon Overview and Level Annotations

Branches:
Dungeon (2/15)

Altars:
Okawaru

Shops:
D:1 [((

Annotations:
D:2 Crazy Yiuf


Innate Abilities, Weirdness & Mutations

You have a tail ending in a sharp stinger.


Message History

Crazy Yiuf poisons you!
Crazy Yiuf stings you but does no damage.
You hit Crazy Yiuf but do no damage.
Your tail-slap misses Crazy Yiuf.
Crazy Yiuf is lightly wounded.
You feel very sick.
Crazy Yiuf stings you but does no damage.
Crazy Yiuf closely misses you.
Unknown command.
It was a potion of heal wounds.
You feel much better.
You feel very sick. Crazy Yiuf stings you.
Crazy Yiuf stings you but does no damage.
It was a potion of invisibility.
You become transparent, but the glow from your halo prevents you from becoming completely invisible.
You feel sick. Crazy Yiuf barely misses you. Crazy Yiuf stings you.
You are more poisoned.
Crazy Yiuf poisons you!
It was a potion of magic.
Magic courses through your body.
You feel very sick. Crazy Yiuf stings you.
You are more poisoned.
Crazy Yiuf poisons you! Crazy Yiuf stings you.
You are more poisoned.
Crazy Yiuf poisons you!
Okay, then.
Aiming: Polymorph
Press: ? - help, Shift-Dir - straight line, f/p - Crazy Yiuf
Aim: Crazy Yiuf the killer bee (lightly wounded, haloed, will become a swamp drake, a steam dragon, or a bat, chance to affect: 57%) Crazy Yiuf resists with significant effort.
You feel extremely sick. Crazy Yiuf stings you!
* * * LOW HITPOINT WARNING * * *
You are more poisoned.
Crazy Yiuf poisons you! Crazy Yiuf stings you.
* * * LOW HITPOINT WARNING * * *
Aiming: Polymorph
Press: ? - help, Shift-Dir - straight line, f/p - Crazy Yiuf
Aim: Crazy Yiuf the killer bee (lightly wounded, haloed, will become a swamp drake, a steam dragon, or a bat, chance to affect: 57%) Crazy Yiuf the killer bee evaporates and reforms as a steam dragon!
You die...

#.#...........###.###...#
## #.########.#.####.#
##.## # #.# #........#
#.####### #.# ##########
#.......# ####.####
#.#####.# #....<..# #.#
#.# #.......## ###
♣♣##.### #.# #...(†...#
#)..#♣♣ ♣♣..#...# #.#
#........#
#...D@♣♣♣♣.......###.#
#........#
#...#♣..♣.............
#.......## ###
♣♣♣.♣...#...###.#
#........#
♣♣♣♣♣##.......#
##.##...## ###.#####
#.###.## ### #.# #.# ###
#'# #.# #.# #.# #.# #.#
#.###### #)#


You could see Crazy Yiuf the steam dragon.

Vanquished Creatures
  Sigmund (D:2)
  2 adders (D:2)
  A dart slug (D:1)
  2 endoplasms
  A giant cockroach (D:1)
  A goblin (D:1)
  2 hobgoblins
  3 jackals (D:1)
  2 kobolds (D:2)
  2 quokkas (D:2)
  3 ball pythons
  3 bats
  A frilled lizard (D:2)
  2 rats
26 creatures vanquished.

Notes
Turn   | Place    | Note
-------+----------+-------------------------------------------
     0 | D:1      | Maxmaps the Demonspawn Monk began the quest for the Orb.
     0 | D:1      | Reached XP level 1. HP: 18/18 MP: 1/1
   413 | D:1      | Found Hualoan Oqar's Antique Weapon Emporium.
   475 | D:1      | Found Ecaby's Armour Emporium.
   481 | D:1      | Gained mutation: You have a small tail. [demonic ancestry]
   481 | D:1      | Reached XP level 2. HP: 20/24 MP: 2/2
   528 | D:1      | Bought a +0 chain mail for 54 gold pieces
   754 | D:1      | Found Pyjet's Antique Weapon Emporium.
   938 | D:2      | Reached skill level 1 in Armour
   978 | D:2      | Noticed Sigmund
   990 | D:2      | Killed Sigmund
   991 | D:2      | Reached skill level 4 in Armour
   991 | D:2      | Gained mutation: You have a tail ending in a sharp stinger.
                  | [demonic ancestry]
   991 | D:2      | Reached XP level 3. HP: 21/29 MP: 3/3
   991 | D:2      | Reached XP level 4. HP: 25/35 MP: 4/4
   991 | D:2      | Reached XP level 5. HP: 30/41 MP: 5/5
  1283 | D:2      | Found an iron altar of Okawaru.
  1593 | D:2      | Found a runed translucent door.
  1594 | D:2      | Noticed Crazy Yiuf
  1819 | D:2      | Crazy Yiuf changed into Crazy Yiuf the killer bee
  1819 | D:2      | Noticed Crazy Yiuf
  1828 | D:2      | Crazy Yiuf the killer bee changed into Crazy Yiuf the steam
                  | dragon
  1828 | D:2      | Noticed Crazy Yiuf
  1828 | D:2      | Succumbed to Crazy Yiuf's poison

Illustrated notes

Levels and vault maps discovered:
D:1:      lemuel_arrival_funnel, layout_basic, serial_shops, shop_coins, shop,
          nicolae_shop_temple_entry_statues_fountains,
          chequers_serial_rivers_small_a
D:2:      layout_loops_corners, basic_altar, st_stairs_3, minmay_misc_feat_five,
          uniq_crazy_yiuf_cottage, uniq_sigmund

Skill      XL: |  1  2 |
---------------+-------+-----
Unarmed Combat | 3 |  3.3
Armour         | 4 |  4.3
Fighting       | |  3.0
Dodging        | |  2.6
Stealth        | |  1.7

Action                     |  1- 3 |  4- 6 || total
---------------------------+-------+-------++-------
  Melee: Unarmed           |    54 |    34 ||    88
         Tailslap          |     6 |     6 ||    12
  Evoke: Wand              |       |     3 ||     3
    Use: Potion            |     2 |     3 ||     5
 Armour: Robe              |     5 |       ||     5
         Leather armour    |     3 |       ||     3
         Chain mail        |    11 |    19 ||    30
  Dodge: Dodged            |    24 |     9 ||    33

Table legend: (Time is in decaauts)
 A = Elapsed time spent in this place.
 B = Non-inter-level travel time spent in this place.
 C = Inter-level travel time spent in this place.
 D = Time resting spent in this place.
 E = Time spent auto-exploring this place.
 F = Levels seen in this place.
 G = Mean time per level.
                   A        B        C        D        E       F      G
               +--------+--------+--------+--------+--------+-----+--------+
         Total |   1803 |   1797 |      6 |      0 |   1515 |   2 |  901.5 |
       Dungeon |   1803 |   1797 |      6 |      0 |   1515 |   2 |  901.5 |
               +--------+--------+--------+--------+--------+-----+--------+

Top non-repeatable levels by time:
     D:2: 905 daAuts
     D:1: 898 daAuts
